 Dungeon Crawl Stone Soup version 0.31-a0-162-gc4c5a43528 (webtiles) character file.

Game seed: 3659506496352299856

833 Ijustatesigmund the Stinger (level 7, -2/43 HPs)
             Began as an Octopode Venom Mage on June 13, 2023.
             Was an Initiate of Cheibriados.
             Slain by a phantom (7 damage)
             ... on level 6 of the Dungeon.
             The game lasted 00:09:30 (7087 turns).

Ijustatesigmund the Stinger (Octopode Venom Mage)   Turns: 7087, Time: 00:09:31

Health: -2/43      AC:  1    Str:  9    XL:     7   Next: 98%
Magic:  12/13      EV: 13    Int: 20    God:    Cheibriados [......]
Gold:   250        SH:  0    Dex: 13    Spells: 2/14 levels left

rFire   . . .        e - staff of poison
rCold   . . .        (no shield)
rNeg    . . .        (helmet restricted)
rPois   +            (no amulet)
rElec   .            (no ring)
rCorr   .            (no ring)
SInv    .            (no ring)
Will    .....        (no ring)
Stlth   +++          (no ring)
HPRegen 0.27/turn    (no ring)
MPRegen 0.13/turn    (no ring)
                     (no ring)

%: no passive effects
@: very slow
A: almost no armour, amphibious, 8 rings, camouflage 1, gelatinous body 1,
(nimble swimmer 1), tentacles
a: Renounce Religion


You were on level 6 of the Dungeon.
You worshipped Cheibriados.
Cheibriados was noncommittal.
You visited 1 branch of the dungeon, and saw 6 of its levels.

You collected 250 gold pieces.

Inventory:

Hand Weapons
 c - a +3 hand axe of electrocution
Magical Staves
 e - a staff of poison (weapon)
Wands
 d - a wand of mindburst (16)
Scrolls
 i - 2 scrolls of fear
 k - 3 scrolls of teleportation
 l - a scroll of fog
Potions
 b - a potion of lignification
 g - a potion of resistance
 m - 2 potions of attraction


   Skills:
 - Level 1.5 Fighting
 - Level 1.2 Staves
 - Level 2.0 Dodging
 - Level 2.6 Stealth
 + Level 4.2 Spellcasting
 + Level 3.3 Conjurations
 + Level 1.9 Translocations
 - Level 1.0 Transmutations
 + Level 3.5 Air Magic
 + Level 6.0 Poison Magic
 + Level 1.2 Invocations


You had 2 spell levels left.
You knew the following spells:

 Your Spells              Type           Power      Damage    Failure   Level
a - Sting                 Tmut/Pois      100%       1d8       3%          1
b - Poisonous Vapours     Pois/Air       70%        N/A       2%          2
c - Mephitic Cloud        Conj/Pois/Air  32%        N/A       6%          3
d - Olgreb's Toxic Radia  Pois           42%        N/A       11%         4
e - Blink                 Tloc           22%        N/A       9%          2

Your spell library contained the following spells:

 Spells                   Type           Power      Damage    Failure   Level
 Magic Dart               Conj           68%        1d6       3%          1
 Searing Ray              Conj           34%        2d5       4%          2
 Ensorcelled Hibernation  Hex/Ice        8%         N/A       19%         2
 Spider Form              Tmut/Pois      27%        N/A       9%          3
 Manifold Assault         Tloc           11%        N/A       50%         4
 Fulminant Prism          Conj/Hex       5%         3d6       54%         4
 Anguish                  Hex/Necr       2%         N/A       77%         4
 Storm Form               Tmut/Air       6%         N/A       100%        7


Dungeon Overview and Level Annotations

Branches:
Dungeon (6/15)
 Temple: D:4-7

Altars:
Cheibriados
Fedhas
Kikubaaqudgha
Wu Jian
Zin

Shops:
D:4 [


Innate Abilities, Weirdness & Mutations

You cannot wear most types of armour.
You are amphibious.
You can wear up to eight rings at the same time.
Your skin changes colour to match your surroundings (Stealth+).
Your rubbery body absorbs attacks. (AC +1, EV +1)
((You are camouflaged when in or above water. (Stealth+)))
You have tentacles for arms and can constrict up to eight enemies at once.


Message History

You are too injured to fight recklessly!
You are too injured to fight recklessly!
You are too injured to fight recklessly!
You are too injured to fight recklessly!
You hit the phantom but do no damage. Your squeeze misses the phantom.
The phantom is lightly damaged.
The phantom hits you.
The phantom blinks!
You blink.
The phantom barely misses you.
You see here a hound corpse.
You hit the phantom but do no damage.
You squeeze the phantom, but do no damage.
The phantom is lightly damaged.
The phantom hits you.
The phantom blinks!
You blink.
You hit the phantom.
You squeeze the phantom, but do no damage.
The phantom is moderately damaged.
The phantom hits you.
* * * LOW HITPOINT WARNING * * *
The phantom blinks!
You blink.
The phantom barely misses you.
You closely miss the phantom.
The phantom is moderately damaged.
The phantom hits you but does no damage.
Okay, then.
You hit the phantom but do no damage. Your squeeze misses the phantom.
The phantom is moderately damaged.
The phantom hits you but does no damage.
You closely miss the phantom.
The phantom is moderately damaged.
The phantom misses you.
You closely miss the phantom.
The phantom is lightly damaged.
The phantom hits you.
* * * LOW HITPOINT WARNING * * *
You hit the phantom. Your squeeze misses the phantom.
The phantom is moderately damaged.
The phantom misses you.
You barely miss the phantom.
The phantom is moderately damaged.
The phantom hits you!
You die...

# #. #.#######.#
#..<.......
#.########W.####.#
#.........@.#
#.########..# #..#
#.)# ##..# #...#
#.#.# #.#.# #...#


You could see a phantom.

Vanquished Creatures
  2 ogres (D:4)
  A kobold brigand (D:6)
  A scorpion (D:4)
  A howler monkey (D:5)
  3 hounds
  A jelly (D:5)
  3 iguanas (D:4)
  Natasha (thrice) (D:2)
  An orc wizard (D:3)
  8 adders
  A gnoll (D:1)
  An ufetubus (D:5)
  2 worms (D:3)
  5 dart slugs
  12 orcs
  7 endoplasms
  6 giant cockroaches
  5 hobgoblins
  3 quokkas
  4 ball pythons
  4 bats
  11 frilled lizards
  9 goblins
  9 kobolds
  5 rats
108 creatures vanquished.

Notes
Turn   | Place    | Note
-------+----------+-------------------------------------------
     0 | D:1      | Ijustatesigmund the Octopode Venom Mage began the quest for
                  | the Orb.
     0 | D:1      | Reached XP level 1. HP: 11/11 MP: 3/3
    77 | D:1      | Found a faded altar of an unknown god.
   193 | D:1      | Reached XP level 2. HP: 15/18 MP: 0/5
   198 | D:1      | Learned a level 2 spell: Poisonous Vapours
   440 | D:1      | Reached skill level 1 in Fighting
   558 | D:1      | Reached skill level 4 in Poison Magic
   558 | D:1      | Reached XP level 3. HP: 14/23 MP: 1/6
  1148 | D:2      | Noticed Natasha
  1158 | D:2      | Killed Natasha
  1159 | D:2      | Reached skill level 1 in Air Magic
  1190 | D:2      | Reached XP level 4. HP: 28/28 MP: 3/7
  1202 | D:1      | Learned a level 3 spell: Mephitic Cloud
  1720 | D:2      | Found a glowing silver altar of Zin.
  1828 | D:2      | Noticed Natasha
  1835 | D:2      | Killed Natasha
  2185 | D:2      | Reached skill level 1 in Conjurations
  2185 | D:2      | Reached XP level 5. HP: 9/33 MP: 3/9
  2635 | D:2      | Noticed Natasha
  2641 | D:2      | Killed Natasha
  3026 | D:3      | Learned a level 4 spell: Olgreb's Toxic Radiance
  3429 | D:3      | Reached skill level 5 in Poison Magic
  3633 | D:3      | Reached XP level 6. HP: 34/38 MP: 0/10
  4096 | D:4      | Found Sifaqana's Armour Emporium.
  4121 | D:4      | HP: 1/38 [iguana (10)]
  4374 | D:4      | Found a blossoming altar of Fedhas.
  4432 | D:4      | Reached skill level 1 in Staves
  4856 | D:4      | Found a large runed translucent door.
  4857 | D:4      | Found a large runed translucent door.
  4868 | D:4      | Learned a level 2 spell: Blink
  4877 | D:4      | Reached XP level 7. HP: 43/43 MP: 8/12
  5539 | D:4      | Found an ancient bone altar of Kikubaaqudgha.
  5546 | D:4      | Reached skill level 1 in Translocations
  5753 | D:4      | Found a snail-covered altar of Cheibriados.
  5757 | D:4      | Became a worshipper of Cheibriados the Contemplative
  5786 | D:5      | Entered Level 5 of the Dungeon
  5888 | D:5      | Found an ornate altar of the Wu Jian Council.
  7058 | D:6      | Reached skill level 1 in Invocations
  7060 | D:6      | Reached skill level 6 in Poison Magic
  7087 | D:6      | Slain by a phantom

Illustrated notes

Levels and vault maps discovered:
D:1:      dpeg_arrival_rooms_a, layout_loops_ring,
          hellmonk_ecumenical_altar_zigzags, minmay_lizard_pond
D:2:      layout_basic, basic_altar, kennysheep_crisscross, uniq_natasha
D:3:      layout_basic
D:4:      layout_gridville, lemuel_coloured_pillars_altar,
          jmf_multi_god_temple2, serial_shops, nicolae_diamond_shop, hex_large
D:5:      layout_basic, mainiacjoe_overflow_concentric_impassable
D:6:      gammafunk_steamed_eel, layout_loops_ring, uniq_duvessa

Skill      XL: |  1  2  3  4  5  6  7 |
---------------+----------------------+-----
Fighting       | 1 |  1.5
Poison Magic   | 4 5 6 |  6.0
Air Magic      | 1 2 3 |  3.5
Conjurations   | 1 2 3 |  3.3
Spellcasting   | 3 4 |  4.2
Staves         | 1 |  1.2
Translocations | 1 |  1.9
Invocations    | 1 |  1.2
Dodging        | |  2.0
Stealth        | |  2.6
Transmutations | |  1.0

Action                     |  1- 3 |  4- 6 |  7- 9 || total
---------------------------+-------+-------+-------++-------
  Melee: Short sword       |    18 |       |       ||    18
         Constrict         |     9 |    32 |    14 ||    55
         Unarmed           |     2 |       |       ||     2
         Tentacles         |    12 |    32 |    18 ||    62
         Spear             |    15 |    66 |       ||    81
         Staff             |       |    69 |    64 ||   133
         Hand axe          |       |    13 |       ||    13
         Punch             |       |     1 |     1 ||     2
   Cast: Sting             |    11 |     7 |     3 ||    21
         Poisonous Vapours |    11 |    33 |     9 ||    53
         Mephitic Cloud    |       |     4 |     2 ||     6
         Olgreb's Toxic Ra |       |     1 |     1 ||     2
    Use: Scroll            |       |    10 |       ||    10
         Potion            |       |     3 |     2 ||     5
   Stab: Sleeping          |     1 |     7 |     3 ||    11
         Confused          |       |     3 |       ||     3
 Armour: Skin              |     2 |    24 |     5 ||    31
  Dodge: Dodged            |    17 |    71 |    38 ||   126

Table legend: (Time is in decaauts)
 A = Elapsed time spent in this place.
 B = Non-inter-level travel time spent in this place.
 C = Inter-level travel time spent in this place.
 D = Time resting spent in this place.
 E = Time spent auto-exploring this place.
 F = Levels seen in this place.
 G = Mean time per level.
                   A        B        C        D        E       F      G
               +--------+--------+--------+--------+--------+-----+--------+
         Total |   7396 |   7212 |    184 |   2274 |   4116 |   6 | 1232.7 |
       Dungeon |   7396 |   7212 |    184 |   2274 |   4116 |   6 | 1232.7 |
               +--------+--------+--------+--------+--------+-----+--------+

Top non-repeatable levels by time:
     D:4: 1906 daAuts
     D:5: 1533 daAuts
     D:1: 1481 daAuts
     D:2: 1330 daAuts
     D:3: 1102 daAuts
     D:6: 42 daAuts
